 Dungeon Crawl Stone Soup version 0.26.1-11-gd32895ea62 (webtiles) character file.

Game seed: 11233603227188051471

273 Descartes the Ruffian (level 6, 0/53 HPs)
             Began as a Troll Chaos Knight on July 17, 2021.
             Was a Plaything of Xom.
             Slain by a goblin (3 damage)
             ... led by Robin
             ... on level 4 of the Dungeon.
             The game lasted 00:04:25 (2403 turns).

Descartes the Ruffian (Troll Chaos Knight)          Turns: 2403, Time: 00:04:27

Health: 0/53       AC:  8    Str: 23    XL:     6   Next: 3%
Magic:  5/5        EV: 11    Int: 10    God:    Xom [*.....]
Gold:   180        SH:  0    Dex:  9    Spells: 5/5 levels left

rFire    . . .     SeeInvis +     - Unarmed
rCold    . . .     Faith    .   (no shield)
rNeg     . . .     Spirit   .   a - +2 robe
rPois    .         Reflect  .   (helmet restricted)
rElec    .         Harm     .   (no cloak)
rCorr    .         Rampage  .   (gloves unavailable)
Will     +....                  (boots unavailable)
Stlth    ++........             (no amulet)
HPRegen  0.57/turn              (no ring)
MPRegen  0.09/turn              (no ring)

@: no status effects
A: large, unfitting armour, claws 3, talons 1, see invisible, frail 1,
strong-willed 1, regeneration 1, shaggy fur 1, strong 1, tough skin 3,
MP-powered wands
a: Renounce Religion


You were on level 4 of the Dungeon.
You worshipped Xom.
You were a special plaything of Xom.
You visited 1 branch of the dungeon, and saw 4 of its levels.

You collected 180 gold pieces.

Inventory:

Missiles
 b - 83 arrows
 c - 115 stones (quivered)
 j - 23 sling bullets
 t - 24 poisoned darts
Armour
 a - a +2 robe (worn)
Jewellery
 e - an uncursed ring of poison resistance {unknown}
 p - an uncursed ring of ice {unknown}
Wands
 k - a wand of digging (15)
Scrolls
 h - 3 scrolls of enchant armour {unknown}
 i - 2 scrolls of teleportation {unknown}
 l - a scroll of remove curse {unknown}
 m - 4 scrolls of immolation {unknown}
 n - 6 scrolls of identify {unknown}
 s - a scroll of amnesia {unknown}
 u - a scroll of fog {unknown}
Potions
 d - 3 potions of heal wounds {unknown}
 f - 4 potions of curing {unknown}
 g - a potion of mutation {unknown}
 o - a potion of haste {unknown}
 q - 3 potions of attraction {unknown}
 r - a potion of brilliance {unknown}


   Skills:
 - Level 2.4 Fighting
 + Level 3.4 Dodging
 + Level 1.9 Stealth
 + Level 4.5 Unarmed Combat


You had 5 spell levels left.
You didn't know any spells.
Your spell library was empty.

Dungeon Overview and Level Annotations

Branches:
Dungeon (4/15)
 Temple: D:4-7

Altars:
Elyvilon
Kikubaaqudgha
Ru
Uskayaw
Wu Jian

Annotations:
D:4 Robin


Innate Abilities, Weirdness & Mutations

You are too large for most types of armour.
You have claws for hands.
Your natural rate of healing is unusually fast.
You are covered in fur. (AC +1)
You have extremely tough skin. (AC +3)
You have sharp toenails.
You have supernaturally acute eyesight. (SInv)
You are frail. (-10% HP)
You are strong-willed. (Will+)
Your muscles are strong. (Str +2)
You expend magic power (3 MP) to strengthen your wands.


Message History

You completely miss the goblin. Your kick misses the goblin.
Robin throws the goblin at you! The goblin barely misses you. x2
You closely miss the goblin. Your kick misses the goblin.
The goblin completely misses you. The goblin closely misses you.
The ogre hits you with a +0 giant club! The goblin hits you but does no damage.
You mangle the goblin!!
You kill the goblin!
The goblin hits you. The goblin hits you but does no damage.
The ogre barely misses you. Robin throws the goblin at you!
You scratch the goblin but do no damage.
Your kick misses the goblin. The goblin hits you but does no damage.
The goblin closely misses you.
The goblin hits you but does no damage. x2
You claw the goblin!
You kill the goblin!
The goblin closely misses you.
The ogre hits you with a +0 giant club!!
* * * LOW HITPOINT WARNING * * *
The goblin hits you.
You die...
Xom snickers!

#..# #..# #..##
.... #).# #).#
#gg# #Og#
#@g###.##
#)g!?....
#.####.## #.#
.# #
#.####.###.#.#
##.##... .#.#.#
#...#.###.....#
#.....##.......
#...#........#


You could see an ogre, Robin, a hobgoblin (strong) and 3 goblins.

Vanquished Creatures
  Blork the orc (D:4)
  An orc wizard (D:4)
  6 adders
  3 oozes
  3 worms (D:2)
  A dart slug (D:2)
  2 leopard geckos
  10 orcs
  5 giant cockroaches
  8 hobgoblins
  9 jackals
  A quokka (D:2)
  6 bats
  5 frilled lizards
  11 goblins
  7 kobolds
  5 rats (D:2)
84 creatures vanquished.

Vanquished Creatures (others)
  An orc wizard (D:4)
1 creature vanquished.

Grand Total: 85 creatures vanquished

Notes
Turn   | Place    | Note
-------+----------+-------------------------------------------
     0 | D:1      | Descartes the Troll Chaos Knight began the quest for the
                  | Orb.
     0 | D:1      | Reached XP level 1. HP: 22/22 MP: 0/0
   115 | D:1      | Reached XP level 2. HP: 29/29 MP: 1/1
   174 | D:1      | XOM: silly message
   456 | D:1      | XOM: cloud trail
   605 | D:2      | Reached XP level 3. HP: 36/36 MP: 2/2
   754 | D:2      | XOM: 5-stop teleportation journey
   757 | D:2      | Reached skill level 1 in Stealth
   912 | D:2      | Found a sacrificial altar of Ru.
   918 | D:2      | Reached XP level 4. HP: 44/44 MP: 3/3
   927 | D:2      | Found a white marble altar of Elyvilon.
   927 | D:2      | Found a hide-covered altar of Uskayaw.
   933 | D:2      | Found an ornate altar of the Wu Jian Council.
  1117 | D:2      | XOM: noise
  1178 | D:2      | XOM: god gift: chain mail {god gift}
  1294 | D:2      | XOM: god gift: runed hat {god gift}
  1602 | D:3      | XOM: smoke on damage
  1619 | D:3      | Reached skill level 4 in Unarmed Combat
  1725 | D:3      | Found an ancient bone altar of Kikubaaqudgha.
  1800 | D:3      | Reached XP level 5. HP: 50/50 MP: 4/4
  1839 | D:3      | XOM is BORED!
  1839 | D:3      | XOM: noise
  1923 | D:3      | XOM: give mutations
  1923 | D:3      | Gained mutation: You have supernaturally acute eyesight.
                  | (SInv) [Xom's grace]
  1923 | D:3      | Gained mutation: Your muscles are strong. (Str +2) [Xom's
                  | grace]
  1923 | D:3      | Gained mutation: You have sharp toenails. [Xom's grace]
  1923 | D:3      | Gained mutation: You are strong-willed. (Will+) [Xom's
                  | grace]
  2062 | D:3      | XOM: give mutations
  2062 | D:3      | Gained mutation: You expend magic power (3 MP) to
                  | strengthen your wands. [Xom's mischief]
  2062 | D:3      | Gained mutation: You are frail. (-10% HP) [Xom's mischief]
  2303 | D:4      | Noticed Blork the orc
  2310 | D:4      | XOM: fog
  2313 | D:4      | Killed Blork the orc
  2385 | D:4      | XOM: enchant monster (good)
  2386 | D:4      | Noticed Robin
  2392 | D:4      | Noticed an ogre
  2394 | D:4      | Reached XP level 6. HP: 46/53 MP: 5/5
  2403 | D:4      | Slain by a goblin

Illustrated notes

Levels and vault maps discovered:
D:1:      noname_arrival_rooms_in_the_neighbourhood, layout_basic,
          minmay_pentomino_u4
D:2:      layout_basic, minitemple, nrook_mini_backslash
D:3:      layout_loops_corners, overflow_temple_1_default
D:4:      layout_loops_ring, general_overflow_altar,
          amcnicky_mini_corridor_feature, uniq_blork_the_orc, uniq_robin

Skill      XL: |  1  2  3  4 |
---------------+-------------+-----
Dodging        | 2 3 |  3.4
Stealth        | 1 |  1.9
Unarmed Combat | 4 |  4.5
Fighting       | |  2.4

Action                   |  1- 3 |  4- 6 || total
-------------------------+-------+-------++-------
Melee: Unarmed           |   106 |   127 ||   233
       Punch             |     2 |     1 ||     3
       Kick              |       |     7 ||     7
 Stab: Sleeping          |     1 |     3 ||     4
Armor: Robe              |    61 |    56 ||   117
Dodge: Dodged            |    53 |    84 ||   137
